 Dungeon Crawl Stone Soup version 0.17-b1-15-g0f5fb43 (webtiles) character file.

25 Cookie the Skirmisher (level 2, 0/25 HPs)
             Began as a Demonspawn Wanderer on Nov 7, 2015.
             Slain by Crazy Yiuf
             ... wielding a +2 quarterstaff of chaos
              (10 damage)
             ... on level 2 of the Dungeon.
             The game lasted 00:03:51 (1201 turns).

Cookie the Skirmisher (Demonspawn Wanderer)         Turns: 1201, Time: 00:03:51

Health: 0/25       AC:  8    Str: 12    XL:     2   Next: 86%
Magic:  2/2        EV: 10    Int: 12    God:
Gold:   33         SH:  0    Dex: 13    Spells: 0 memorised, 1 level left

rFire  . . .     SeeInvis .     j - +0 spear
rCold  . . .     Clarity  .     c - +0 ring mail
rNeg   . . .     SustAt   .     (no shield)
rPois  .         Gourm    .     (no helmet)
rElec  .         Spirit   .     (no cloak)
rCorr  .         Warding  .     k - +2 pair of gloves
rMut   .         Stasis   .     (no boots)
MR     .....                    g - amulet of rage
Stlth  +.........               (no ring)
                                (no ring)

@: slowed, very slow, not resistant to hostile enchantments, very unstealthy
A: spiny 1
a: Evoke Berserk Rage


You were on level 2 of the Dungeon.
You were hungry.

You visited 1 branch of the dungeon, and saw 2 of its levels.

You collected 33 gold pieces.

Inventory:

Hand Weapons
 a - a +2 dagger
 j - a +0 spear (weapon)
Missiles
 n - 12 poisoned needles (quivered)
Armour
 c - a +0 ring mail (worn)
 k - a +2 pair of gloves (worn)
Jewellery
 d - a +2 ring of strength {unknown}
 g - an amulet of rage (around neck)
 h - an uncursed amulet of rage
 p - an uncursed ring of fire {unknown}
Scrolls
 i - a scroll of identify {unknown}
 m - a scroll of amnesia {unknown}
 o - a scroll of enchant weapon {unknown}
Potions
 b - a potion of heal wounds
Comestibles
 e - a bread ration
 f - 2 beef jerkies
 l - a meat ration


   Skills:
 - Level 4.0 Fighting
 - Level 1.0 Short Blades
   Level 1.7 Maces & Flails
 - Level 1.0 Throwing
 + Level 2.6 Armour
 - Level 1.0 Stealth


You had one spell level left.
You didn't know any spells.

Dungeon Overview and Level Annotations

Branches:
Dungeon (2/15)

Altars:

Annotations:
D:2 Crazy Yiuf


Innate Abilities, Weirdness & Mutations

You are partially covered in sharp spines.


Message History

Crazy Yiuf the Enlightened comes into view.
He is wielding a quarterstaff of chaos.
Crazy Yiuf shouts!
Crazy Yiuf says, "Dawk head spinner!"
Crazy Yiuf moves out of view.
Crazy Yiuf cries, "Tosser arga tortoise!"
You completely miss Crazy Yiuf.
Crazy Yiuf hits you with a quarterstaff of chaos.
Crazy Yiuf freezes you.
You hit Crazy Yiuf but do no damage. Crazy Yiuf closely misses you.
You closely miss Crazy Yiuf. Crazy Yiuf hits you but does no damage.
You feel yourself slow down.
You hit Crazy Yiuf.
Crazy Yiuf is moderately wounded.
Crazy Yiuf closely misses you. Crazy Yiuf is struck by your spines.
Crazy Yiuf hits you with a quarterstaff of chaos!
Crazy Yiuf freezes you.
You hit Crazy Yiuf but do no damage.
Crazy Yiuf is moderately wounded.
Crazy Yiuf hits you with a quarterstaff of chaos!
You die...

..######.##..# . ###
#.##..# . #.##..# #.
####### #. #.
♣♣♣♣♣#########. ###
♣♣♣.♣..........>.
#...#♣..♣.......#.##.#
#...g@♣♣♣♣......#.##..
#)..#♣♣ ♣♣...........
### ♣♣##....####
##.### #.#
############.#
#...#........#
##.##.######## #....#


You could see Crazy Yiuf.

Vanquished Creatures
  A giant gecko (D:2)
  2 ball pythons (D:1)
  A hobgoblin (D:2)
  7 kobolds
  2 bats
  5 giant newts
  A goblin (D:1)
  8 rats
27 creatures vanquished.

Notes
Turn   | Place    | Note
--------------------------------------------------------------
     0 | D:1      | Cookie the Demonspawn Wanderer began the quest for the Orb.
     0 | D:1      | Cookie set off with: a +2 dagger, a potion of heal wounds, a +0 ring mail, a +0 mace, a bread ration
     0 | D:1      | Reached XP level 1. HP: 19/19 MP: 1/1
     0 | D:1      | Noticed a spriggan skeleton
     1 | D:1      | Noticed a draconian skeleton
     6 | D:1      | Noticed a centaur skeleton
     7 | D:1      | Noticed a draconian skeleton
     8 | D:1      | Noticed a troll skeleton
    12 | D:1      | Noticed a minotaur skeleton
    14 | D:1      | Noticed a vine stalker skeleton
    14 | D:1      | Noticed a centaur skeleton
    16 | D:1      | Noticed a minotaur skeleton
    18 | D:1      | Noticed a troll skeleton
   212 | D:1      | Gained mutation: You are partially covered in sharp spines. [demonic ancestry]
   212 | D:1      | Reached XP level 2. HP: 15/25 MP: 2/2
  1194 | D:2      | Noticed Crazy Yiuf
  1201 | D:2      | Slain by Crazy Yiuf

Action                   || total
-------------------------++-------
Melee: Mace              ||    26
       Spear             ||    64
